 Dungeon Crawl Stone Soup version 0.20.1-1-g8b1a95d (webtiles) character file.

44 Monsterracer the Cudgeler (level 3, 0/29 HPs)
             Began as a Draconian Warper on July 6, 2017.
             Slain by a bat (1 damage)
             ... on level 2 of the Dungeon.
             The game lasted 00:03:47 (855 turns).

Monsterracer the Cudgeler (Draconian Warper)         Turns: 855, Time: 00:03:48

Health: 0/29       AC:  5    Str: 13    XL:     3   Next: 39%
Magic:  6/6        EV: 11    Int: 13    God:
Gold:   122        SH:  0    Dex: 11    Spells: 2/6 levels left

rFire    . . .     SeeInvis .   a - +0 mace
rCold    . . .     Gourm    .   (no shield)
rNeg     . . .     Faith    .   (armour unavailable)
rPois    .         Spirit   .   (helmet restricted)
rElec    .         Reflect  .   (no cloak)
rCorr    .         Harm     .   (no gloves)
MR       .....                  (no boots)
Stlth    +.........             (no amulet)
Regen    0.1/turn               (no ring)
MPRegen  0.1/turn               (no ring)

@: flying, very slightly contaminated, heavily drained
A: unfitting armour, cold-blooded, AC +5
a: no special abilities


You were on level 2 of the Dungeon.
You were not hungry.

You visited 1 branch of the dungeon, and saw 2 of its levels.

You collected 122 gold pieces.

Inventory:

Hand Weapons
 a - a +0 mace (weapon)
Missiles
 d - 5 tomahawks of dispersal (quivered)
 e - 2 tomahawks
Scrolls
 c - a scroll of blinking
 g - 2 scrolls of fear {unknown}
 h - 2 scrolls of fog {unknown}
 i - 2 scrolls of recharging {unknown}
 j - 2 scrolls of identify {unknown}
 k - a scroll of noise {unknown}
 p - a scroll of enchant weapon {unknown}
 r - a scroll of amnesia {unknown}
Potions
 m - a potion of magic
 o - a potion of brilliance
 q - a potion of flight
Books
 b - a book of Spatial Translocations

   Spells                             Type                      Level
   a - Blink                          Translocation                2
   b - Shroud of Golubria             Charms/Translocation         2
   c - Lesser Beckoning               Translocation                3
   d - Gell's Gravitas                Translocation                3
   e - Teleport Other                 Translocation                3
   f - Passage of Golubria            Translocation                4
Comestibles
 f - 2 bread rations
 l - 8 fruits
 n - 2 meat rations


   Skills:
 - Level 2.1(0.6) Fighting
 + Level 3.8(2.2) Maces & Flails
 - Level 0.8(0.0) Throwing
 - Level 2.1(0.5) Dodging
 - Level 2.0(0.4) Spellcasting
 - Level 3.0(1.4) Translocations


You had 2 spell levels left.
You knew the following spells:

 Your Spells              Type           Power        Failure   Level  Hunger
a - Blink                 Tloc           N/A          26%         2    ###....
b - Shroud of Golubria    Chrm/Tloc      #.........   34%         2    ###....


Dungeon Overview and Level Annotations

Branches:
Dungeon (2/15)

Altars:


Innate Abilities, Weirdness & Mutations

Your plain brown scales are hard. (AC +5)
You cannot fit into any form of body armour.
You are cold-blooded and may be slowed by cold attacks.


Message History

The bat closely misses you. x2
* * * LOW HITPOINT WARNING * * *
You feel sick. The bat barely misses you.
Huge Dmg: -4%(-1hp) hp: 7%(2hp)
The bat closely misses you. The bat misses you.
The bat hits you but does no damage.
You feel sick.
You are no longer poisoned.
The bat hits you.
* * * LOW HITPOINT WARNING * * *
Huge Dmg: -7%(-2hp) hp: 4%(1hp)
Press: ? - help, v - describe, . - travel The floor.
The bat hits you but does no damage. The bat hits you but does no damage.
The bat hits you but does no damage. The bat closely misses you.
The bat hits you but does no damage. The bat hits you.
You die...

........(..#
#.................
####.......#
##................ ##.....####
##...##..........
##........#########..#........
#.......#.....####.....##.....
#.......#####........#####....
#..<..†.# #..S..#.#######...
##.....#######b##.............
##...........@.####.######..##
##..............## #.# #.##
#................# #.# #.#
#................# #.. ..#
#............)...# ### #.##
#)...............# #.
#................# ..
#..........<.....#
##....PP........##


You could see an adder and a bat.

Vanquished Creatures
  An ooze (D:1)
  A worm (D:2)
  A dart slug (D:1)
  A giant cockroach (D:1)
  3 goblins
  4 hobgoblins
  7 jackals (D:1)
  4 kobolds (D:1)
  4 bats
  A frilled lizard (D:1)
  3 rats (D:1)
30 creatures vanquished.

Notes
Turn   | Place    | Note
-------+----------+-------------------------------------------
     0 | D:1      | Monsterracer the Draconian Warper began the quest for the Orb.
     0 | D:1      | Reached XP level 1. HP: 17/17 MP: 3/3
    44 | D:1      | Reached XP level 2. HP: 7/24 MP: 5/5
   466 | D:1      | Reached XP level 3. HP: 29/29 MP: 6/6
   470 | D:1      | Learned a level 2 spell: Blink
   473 | D:1      | Learned a level 2 spell: Shroud of Golubria
   850 | D:2      | HP: 1/29 [bat (1)]
   855 | D:2      | Slain by a bat

Skill      XL: |  1  2 |
---------------+-------+-----
Maces & Flails | 3 |  3.8
Fighting       | |  2.1
Throwing       | |  0.8
Dodging        | |  2.1
Spellcasting   | |  2.0
Translocations | |  3.0

Action                   || total
-------------------------++-------
Melee: Mace              ||   107
       Tailslap          ||     7
  Use: Potion            ||     5
       Scroll            ||     1
Armor: Skin              ||    53
Dodge: Dodged            ||   114
